PIO
PHILADELPHIA (RK+) PHILLIES @ GREAT FALLS VOYAGERS
08/19/2099
 
TOP OF THE 1ST
Philadelphia (Rk+) Phillies batting - Pitching for Great Falls Voyagers : RHP Bobby Vilchez
Pitching: RHP Bobby Vilchez
Batting: LHB Rodolfo Velasquez 0-0: Swinging Strike
0-1: Fly out, F7 (Line Drive, 7S, EV 98.1 MPH)
Batting: RHB Preston Hillman 0-0: Ball
1-0: Swinging Strike
1-1: Ground out 3-1 (Groundball, 34S, EV 84.4 MPH)
Batting: LHB Josh Beiler 0-0: Ball
1-0: Foul Ball, location: 2F
1-1: Foul Ball, location: 2F
1-2: Ball
2-2: Foul Ball, location: 7LMF
2-2: SINGLE (Groundball, 4, EV 83.8 MPH)
Batting: RHB Mark Bryan 0-0: Foul Ball, location: 2F
0-1: Called Strike
0-2: Foul Ball, location: 9LSF
0-2: Ball
1-2: Foul Ball, location: 3SF
1-2: Foul Ball, location: 23F
1-2: Strikes out looking
Top of the 1st over - 0 runs, 1 hit, 0 errors, 1 left on base; Philadelphia (Rk+) 0 - Great Falls 0
BOTTOM OF THE 1ST
Great Falls Voyagers batting - Pitching for Philadelphia (Rk+) Phillies : LHP Josh Henry
Pitching: LHP Josh Henry
Batting: RHB Antonio Estrada 0-0: Called Strike
0-1: Ball
1-1: Ball
2-1: Ground out 4-3 (Groundball, 4, EV 86.3 MPH)
Batting: SHB Nick Shumate 0-0: Called Strike
0-1: Ball
1-1: Foul Ball, location: 9LMF
1-2: Foul Ball, location: 9LDF
1-2: Ball
2-2: Strikes out swinging
Batting: RHB Brice Edwards 0-0: Called Strike
0-1: Called Strike
0-2: Foul Ball, location: 9LSF
0-2: Ball
1-2: DOUBLE (Groundball, 5L, EV 105.6 MPH)
Batting: RHB Miguel Sanchez 0-0: Called Strike
0-1: Ball
1-1: Called Strike
1-2: Foul Ball, location: 3F
1-2: Ground out U3 (Groundball, 34, EV 98.8 MPH)
Bottom of the 1st over - 0 runs, 1 hit, 0 errors, 1 left on base; Philadelphia (Rk+) 0 - Great Falls 0
TOP OF THE 2ND
Philadelphia (Rk+) Phillies batting - Pitching for Great Falls Voyagers : RHP Bobby Vilchez
Batting: RHB Chris Fisher 0-0: Called Strike
0-1: Called Strike
0-2: Foul Ball, location: 2F
0-2: Strikes out looking
Batting: RHB Joe Turner 0-0: Foul Ball, location: 7LSF
0-1: Ball
1-1: Foul Ball, location: 9LMF
1-2: Ball
2-2: Foul Ball, location: 23FF
2-2: Foul Ball, location: 3FF
2-2: Ball
3-2: Strikes out swinging
Batting: SHB Luis Alcocer 0-0: Called Strike
0-1: Foul Ball, location: 2F
0-2: Ball
1-2: Ball
2-2: Ground out U3 (Groundball, 3L, EV 84.4 MPH)
Top of the 2nd over - 0 runs, 0 hits, 0 errors, 0 left on base; Philadelphia (Rk+) 0 - Great Falls 0
BOTTOM OF THE 2ND
Great Falls Voyagers batting - Pitching for Philadelphia (Rk+) Phillies : LHP Josh Henry
Batting: RHB Chris Arms 0-0: Called Strike
0-1: Called Strike
0-2: Ball
1-2: Strikes out swinging
Batting: LHB Sam Peters 0-0: Ball
1-0: SINGLE (Line Drive, 78S, EV 98.8 MPH)
Batting: RHB Chris Heflin 0-0: Called Strike
0-1: Ball
Pickoff Throw by Catcher to First - Error! E2
Sam Peters to second
1-1: Ball
2-1: Foul Ball, location: 2F
2-2: Foul Ball, location: 5F
2-2: Ball
3-2: Foul Ball, location: 2F
3-2: Base on Balls
Batting: RHB Scott Elliott 0-0: Called Strike
0-1: Ball
1-1: Called Strike
1-2: Foul Ball, location: 7LSF
1-2: Strikes out swinging
Batting: LHB Mike Deeley 0-0: Ball
1-0: Reached on error, E3 (Groundball, 34S, EV 77.5 MPH)
Sam Peters to third
Chris Heflin to second
Batting: RHB Antonio Estrada 0-0: Ball
1-0: Ball
2-0: Called Strike
2-1: Foul Ball, location: 3FF
2-2: SINGLE (Groundball, 4MD, EV 96.3 MPH)
Sam Peters scores
Chris Heflin to third
Mike Deeley to second
Runner from 3rd tries for Home, SAFE, throw by CF to home
Batting: SHB Nick Shumate 0-0: Ground out 5-3 (Groundball, 56, EV 106.3 MPH)
Bottom of the 2nd over - 2 runs, 2 hits, 2 errors, 2 left on base; Philadelphia (Rk+) 0 - Great Falls 2
TOP OF THE 3RD
Philadelphia (Rk+) Phillies batting - Pitching for Great Falls Voyagers : RHP Bobby Vilchez
Batting: RHB Houston Denzer 0-0: Ball
1-0: Called Strike
1-1: Ball
2-1: Swinging Strike
2-2: Ball
3-2: Strikes out swinging
Batting: SHB Lionel Friuli 0-0: Foul Ball, location: 3FF
0-1: Ball
1-1: Foul Ball, location: 2F
1-2: Fly out, F8 (Flyball, 8RD, EV 103.8 MPH)
Batting: LHB Rodolfo Velasquez 0-0: Called Strike
0-1: Swinging Strike
0-2: Strikes out looking
Top of the 3rd over - 0 runs, 0 hits, 0 errors, 0 left on base; Philadelphia (Rk+) 0 - Great Falls 2
BOTTOM OF THE 3RD
Great Falls Voyagers batting - Pitching for Philadelphia (Rk+) Phillies : LHP Josh Henry
Batting: RHB Brice Edwards 0-0: Ball
1-0: Called Strike
1-1: Reached on error, E6 (Groundball, 6, EV 82.5 MPH)
Batting: RHB Miguel Sanchez 0-0: Foul Ball, location: 9LSF
0-1: Ball
1-1: Foul Ball, location: 5F
1-2: Ball
2-2: DOUBLE (Line Drive, 78D, EV 110.0 MPH)
Brice Edwards to third
Batting: RHB Chris Arms 0-0: Ball
1-0: Foul Ball, location: 9LSF
1-1: Called Strike
1-2: Strikes out looking
Batting: LHB Sam Peters 0-0: Swinging Strike
0-1: Foul Ball, location: 7LMF
0-2: Ball
1-2: Ball
2-2: Strikes out swinging
Batting: RHB Chris Heflin 0-0: Called Strike
0-1: Ball
1-1: Fly out, F7 (Flyball, 78S, EV 88.8 MPH)
Bottom of the 3rd over - 0 runs, 1 hit, 1 error, 2 left on base; Philadelphia (Rk+) 0 - Great Falls 2
TOP OF THE 4TH
Philadelphia (Rk+) Phillies batting - Pitching for Great Falls Voyagers : RHP Bobby Vilchez
Batting: RHB Preston Hillman 0-0: Ball
1-0: Foul Ball, location: 7LSF
1-1: Foul Ball, location: 25F
1-2: Strikes out swinging
Batting: LHB Josh Beiler 0-0: Called Strike
0-1: Swinging Strike
0-2: Strikes out swinging
Batting: RHB Mark Bryan 0-0: Called Strike
0-1: Ball
1-1: Foul Ball, location: 5F
1-2: Fly out, F9 (Flyball, 89S, EV 86.3 MPH)
Top of the 4th over - 0 runs, 0 hits, 0 errors, 0 left on base; Philadelphia (Rk+) 0 - Great Falls 2
BOTTOM OF THE 4TH
Great Falls Voyagers batting - Pitching for Philadelphia (Rk+) Phillies : LHP Josh Henry
Batting: RHB Scott Elliott 0-0: Called Strike
0-1: Foul Ball, location: 25F
0-2: Ball
1-2: Ball
2-2: Strikes out swinging
Batting: LHB Mike Deeley 0-0: Ball
1-0: Swinging Strike
1-1: Called Strike
1-2: Strikes out swinging
Batting: RHB Antonio Estrada 0-0: Ball
1-0: Foul Ball, location: 5F
1-1: Swinging Strike
1-2: Foul Ball, location: 9LMF
1-2: Ball
2-2: Strikes out swinging
Bottom of the 4th over - 0 runs, 0 hits, 0 errors, 0 left on base; Philadelphia (Rk+) 0 - Great Falls 2
TOP OF THE 5TH
Philadelphia (Rk+) Phillies batting - Pitching for Great Falls Voyagers : RHP Bobby Vilchez
Batting: RHB Chris Fisher 0-0: Ground out 6-3 (Groundball, 6, EV 80.0 MPH)
Batting: RHB Joe Turner 0-0: Foul Ball, location: 5F
0-1: SINGLE (Groundball, 4D, EV 105.6 MPH)
Batting: SHB Luis Alcocer 0-0: Foul Ball, location: 25F
0-1: Ball
1-1: Swinging Strike
1-2: Strikes out looking
Batting: RHB Houston Denzer 0-0: Ball
1-0: Swinging Strike
1-1: Ball
2-1: Ball
3-1: Foul Ball, location: 23F
3-2: Strikes out swinging
Top of the 5th over - 0 runs, 1 hit, 0 errors, 1 left on base; Philadelphia (Rk+) 0 - Great Falls 2
BOTTOM OF THE 5TH
Great Falls Voyagers batting - Pitching for Philadelphia (Rk+) Phillies : LHP Josh Henry
Pitching: RHP Leo Magana
Batting: SHB Nick Shumate 0-0: Ball
1-0: Ball
2-0: Called Strike
2-1: Ball
3-1: Called Strike
3-2: Fly out, F9 (Line Drive, 9LM, EV 105.6 MPH)
Batting: RHB Brice Edwards 0-0: Called Strike
0-1: Swinging Strike
0-2: Ball
1-2: Ball
2-2: SINGLE (Line Drive, 7LS, EV 89.4 MPH)
Batting: RHB Miguel Sanchez 0-0: Swinging Strike
0-1: Ball
1-1: Ball
2-1: Called Strike
2-2: Foul Ball, location: 7LMFF
2-2: Ball
3-2: DOUBLE (Line Drive, 7LM, EV 110.0 MPH)
Brice Edwards to third
Pinch Runner at 2nd Victor Gonzales:
Batting: RHB Chris Arms 0-0: Ball
1-0: SINGLE (Line Drive, 4D, EV 96.9 MPH)
Brice Edwards scores
Victor Gonzales to third
Batting: LHB Sam Peters 0-0: Ball
1-0: Ball
2-0: Foul Ball, location: 23F
2-1: Ball
3-1: Fly out, F7 (Flyball, 78M, EV 91.9 MPH)
Runner from 3rd tags up, SCORES, throw by LF
Batting: RHB Chris Heflin 0-0: Called Strike
0-1: Ball
1-1: SINGLE (Groundball, 56D, EV 96.9 MPH)
Chris Arms to second
Batting: RHB Scott Elliott 0-0: Fly out, F7 (Flyball, 78XD, EV 82.5 MPH)
Bottom of the 5th over - 2 runs, 4 hits, 0 errors, 2 left on base; Philadelphia (Rk+) 0 - Great Falls 4
TOP OF THE 6TH
Philadelphia (Rk+) Phillies batting - Pitching for Great Falls Voyagers : RHP Bobby Vilchez
Now at 1B: Miguel Susana
Batting: SHB Lionel Friuli 0-0: Ball
1-0: Ball
2-0: SINGLE (Groundball, 34D, EV 93.8 MPH)
Batting: LHB Rodolfo Velasquez 0-0: Ball
1-0: Ball
2-0: Foul Ball, location: 2F
2-1: SINGLE (Line Drive, 7S, EV 91.3 MPH)
Lionel Friuli to second
Batting: RHB Preston Hillman 0-0: Ball
1-0: Ball
2-0: SINGLE (Groundball, 25, EV 64.4 MPH) (infield hit)
Lionel Friuli to third
Rodolfo Velasquez to second
Batting: LHB Josh Beiler 0-0: Called Strike
0-1: Called Strike
0-2: Ball
1-2: Ball
2-2: SINGLE (Line Drive, 9LS, EV 86.9 MPH)
Lionel Friuli scores
Rodolfo Velasquez to third
Preston Hillman to second
Pitching: RHP Tim Titolo
Batting: RHB Mark Bryan 0-0: Ball
1-0: Ball
2-0: Ball
3-0: Base on Balls
Rodolfo Velasquez scores
Preston Hillman to third
Josh Beiler to second
Batting: RHB Chris Fisher 0-0: Ball
1-0: SINGLE (Groundball, 6, EV 103.8 MPH)
Preston Hillman scores
Josh Beiler to third
Mark Bryan to second
Runner from 3rd tries for Home, SAFE, throw by CF to home
Batting: RHB Joe Turner 0-0: Ball
1-0: Ball
2-0: Grounds into double play, 4-6-3 (Groundball, 34, EV 106.3 MPH)
Mark Bryan to third
Batting: SHB Luis Alcocer 0-0: Intentional Walk
Batting: RHB Houston Denzer 0-0: Called Strike
0-1: Foul Ball, location: 3SF
0-2: Ball
1-2: Fly out, F3 (Popup, 3SF, EV 90.0 MPH)
Top of the 6th over - 4 runs, 5 hits, 0 errors, 2 left on base; Philadelphia (Rk+) 4 - Great Falls 4
BOTTOM OF THE 6TH
Great Falls Voyagers batting - Pitching for Philadelphia (Rk+) Phillies : RHP Leo Magana
Batting: LHB Mike Deeley 0-0: Ground out 1-3 (Groundball, 13S, EV 69.4 MPH)
Batting: RHB Antonio Estrada 0-0: Ball
1-0: Swinging Strike
1-1: DOUBLE (Line Drive, 8LXD, EV 91.9 MPH)
Batting: SHB Nick Shumate 0-0: Called Strike
0-1: Foul Ball, location: 7LSF
0-2: Ball
1-2: Foul Ball, location: 7LMF
1-2: Ball
2-2: Fly out, F8 (Flyball, 8RD, EV 83.1 MPH)
Batting: RHB Brice Edwards 0-0: Foul Ball, location: 2F
0-1: Ground out 6-3 (Groundball, 6, EV 86.9 MPH)
Bottom of the 6th over - 0 runs, 1 hit, 0 errors, 1 left on base; Philadelphia (Rk+) 4 - Great Falls 4
TOP OF THE 7TH
Philadelphia (Rk+) Phillies batting - Pitching for Great Falls Voyagers : RHP Tim Titolo
Batting: SHB Lionel Friuli 0-0: Called Strike
0-1: Ball
1-1: Foul Ball, location: 2RF
1-2: SINGLE (Line Drive, 34D, EV 96.3 MPH)
Batting: LHB Rodolfo Velasquez 0-0: Called Strike
0-1: Foul Ball, location: 9LSF
0-2: Ball
1-2: Strikes out swinging
Batting: RHB Preston Hillman 0-0: Ball
1-0: Foul Ball, location: 5DF
1-1: Ball
2-1: Ball
3-1: Ground out 4-3 (Groundball, 34, EV 106.3 MPH)
Lionel Friuli to second
Batting: LHB Josh Beiler 0-0: Intentional Walk
Batting: RHB Mark Bryan 0-0: Ball
1-0: Foul Ball, location: 2F
1-1: Swinging Strike
1-2: Fielders Choice at 2nd, 6-4 (Groundball, 6, EV 84.4 MPH)
Top of the 7th over - 0 runs, 1 hit, 0 errors, 2 left on base; Philadelphia (Rk+) 4 - Great Falls 4
BOTTOM OF THE 7TH
Great Falls Voyagers batting - Pitching for Philadelphia (Rk+) Phillies : RHP Leo Magana
Pitching: RHP David Wade
Batting: RHB Miguel Susana 0-0: Ball
1-0: Ball
2-0: Called Strike
2-1: Swinging Strike
2-2: Strikes out swinging
Batting: RHB Chris Arms 0-0: Called Strike
0-1: Called Strike
0-2: Ball
1-2: Ball
2-2: Ball
3-2: Ground out 6-3 (Groundball, 6D, EV 98.8 MPH)
Batting: LHB Sam Peters 0-0: Foul Ball, location: 7LDF
0-1: DOUBLE (Flyball, 8LD, EV 106.9 MPH) - OUT at third base trying to stretch hit.
Bottom of the 7th over - 0 runs, 1 hit, 0 errors, 0 left on base; Philadelphia (Rk+) 4 - Great Falls 4
TOP OF THE 8TH
Philadelphia (Rk+) Phillies batting - Pitching for Great Falls Voyagers : RHP Tim Titolo
Pitching: RHP Chris Dreiling
Batting: RHB Chris Fisher 0-0: Foul Ball, location: 3SF
0-1: Ball
1-1: Called Strike
1-2: Ground out 5-3 (Groundball, 56S, EV 63.8 MPH)
Pinch Hitting: RHB Jason Barton 0-0: Called Strike
0-1: Fly out, F9 (Flyball, 89S, EV 88.8 MPH)
Batting: SHB Luis Alcocer 0-0: Foul Ball, location: 23F
0-1: Called Strike
0-2: Ball
1-2: Strikes out swinging
Top of the 8th over - 0 runs, 0 hits, 0 errors, 0 left on base; Philadelphia (Rk+) 4 - Great Falls 4
BOTTOM OF THE 8TH
Great Falls Voyagers batting - Pitching for Philadelphia (Rk+) Phillies : RHP David Wade
Pitching: RHP Tony Jimenez
Now at 3B: David Cartagena
Batting: LHB Greg Brown 0-0: Fly out, F7 (Flyball, 7D, EV 101.3 MPH)
Pinch Hitting: LHB Dave Sanchez 0-0: Ball
1-0: Ball
2-0: Ball
3-0: Called Strike
3-1: SINGLE (Groundball, 4MD, EV 109.4 MPH)
Batting: LHB Mike Deeley 0-0: Called Strike
0-1: Foul Ball, location: 2F
0-2: Strikes out looking
Batting: RHB Antonio Estrada 0-0: Called Strike
Dave Sanchez is caught stealing 2nd base 2-4
Bottom of the 8th over - 0 runs, 1 hit, 0 errors, 0 left on base; Philadelphia (Rk+) 4 - Great Falls 4
TOP OF THE 9TH
Philadelphia (Rk+) Phillies batting - Pitching for Great Falls Voyagers : RHP Chris Dreiling
Now at 3B: Adam Ambrose
Pinch Hitting: RHB Dean Faubion 0-0: Called Strike
0-1: Ball
1-1: Ground out 6-3 (Groundball, 6, EV 88.1 MPH)
Pinch Hitting: RHB Alfredo Alvear 0-0: Ball
1-0: Called Strike
1-1: Foul Ball, location: 2F
1-2: Ball
2-2: Ball
3-2: Base on Balls
Batting: LHB Rodolfo Velasquez 0-0: Called Strike
Alfredo Alvear steals 2nd base
0-1: Foul Ball, location: 23F
0-2: Ball
1-2: Strikes out swinging
Pitching: RHP Mike Ray
Batting: RHB Preston Hillman 0-0: Foul Ball, location: 9LMF
0-1: Ball
1-1: Foul Ball, location: 5F
1-2: Foul Ball, location: 7LDF
1-2: Strikes out looking
Top of the 9th over - 0 runs, 0 hits, 0 errors, 1 left on base; Philadelphia (Rk+) 4 - Great Falls 4
BOTTOM OF THE 9TH
Great Falls Voyagers batting - Pitching for Philadelphia (Rk+) Phillies : RHP Tony Jimenez
Now at C: Carlos Garcia
Now at 1B: Ron Pacione
Batting: RHB Antonio Estrada 0-0: Ground out 4-3 (Groundball, 4, EV 83.8 MPH)
Batting: SHB Nick Shumate 0-0: Called Strike
0-1: Ground out 6-3 (Groundball, 56, EV 92.5 MPH)
Batting: RHB Brice Edwards 0-0: Foul Ball, location: 2F
0-1: Ball
1-1: Foul Ball, location: 3F
1-2: Ball
2-2: Foul Ball, location: 7LSF
2-2: Foul Ball, location: 9LSF
2-2: Ball
3-2: Strikes out swinging
Bottom of the 9th over - 0 runs, 0 hits, 0 errors, 0 left on base; Philadelphia (Rk+) 4 - Great Falls 4
TOP OF THE 10TH
Philadelphia (Rk+) Phillies batting - Pitching for Great Falls Voyagers : RHP Mike Ray
Preston Hillman starts the inning at 2nd base.
Batting: LHB Josh Beiler 0-0: Intentional Walk
Batting: RHB Mark Bryan 0-0: Foul Ball, location: 2F
0-1: TRIPLE (Line Drive, 89XD, EV 91.9 MPH)
Preston Hillman scores
Josh Beiler scores
Batting: RHB Chris Fisher 0-0: Intentional Walk
Pitching: RHP Luis Cartagena
Batting: SHB David Cartagena 0-0: Ball
1-0: Hit by Pitch
Chris Fisher to second
Batting: SHB Luis Alcocer 0-0: Ball
1-0: Foul Ball, location: 2F
1-1: Ball
2-1: Swinging Strike
2-2: Foul Ball, location: 3FF
2-2: Strikes out swinging
Batting: RHB Ron Pacione 0-0: Swinging Strike
0-1: Grounds into fielders choice 6-2 (Groundball, 6, EV 91.9 MPH)
Chris Fisher to third
David Cartagena to second
Batting: RHB Carlos Garcia 0-0: Ball
1-0: Ball
2-0: SINGLE (Line Drive, 9S, EV 86.3 MPH)
Chris Fisher scores
David Cartagena to third
Ron Pacione to second
Runner from 3rd tries for Home, SAFE, throw by RF to home
Batting: LHB Rodolfo Velasquez 0-0: Ball
1-0: Ball
2-0: Foul Ball, location: 9LMF
2-1: SINGLE (Groundball, 5D, EV 100.6 MPH)
Ron Pacione to third
Carlos Garcia to second
Runner from 3rd tries for Home, SAFE, throw by LF to home
Batting: RHB Preston Hillman 0-0: Foul Ball, location: 2F
0-1: Foul Ball, location: 2F
0-2: Fielders Choice at 2nd, 5-4 (Groundball, 56, EV 105.6 MPH)
Top of the 10th over - 5 runs, 3 hits, 0 errors, 2 left on base; Philadelphia (Rk+) 9 - Great Falls 4
BOTTOM OF THE 10TH
Great Falls Voyagers batting - Pitching for Philadelphia (Rk+) Phillies : RHP Tony Jimenez
Brice Edwards starts the inning at 2nd base.
Batting: RHB Miguel Susana 0-0: Called Strike
0-1: Fly out, F7 (Flyball, 7D, EV 106.3 MPH)
Runner from 2nd tags up, SAFE at 3rd, no throw by LF
Batting: RHB Chris Arms 0-0: Called Strike
0-1: Foul Ball, location: 3SF
0-2: Foul Ball, location: 7LDF
0-2: Ground out 4-3 (Groundball, 4, EV 83.8 MPH)
Batting: LHB Sam Peters 0-0: SINGLE (Line Drive, 3D, EV 98.8 MPH)
Brice Edwards scores
Batting: LHB Greg Brown 0-0: Ball
1-0: Called Strike
1-1: Ball
2-1: Called Strike
2-2: Ball
3-2: Foul Ball, location: 2F
3-2: SINGLE (Line Drive, 78S, EV 103.1 MPH)
Sam Peters to second
Sam Peters to third
Pitching: RHP Ambjorn Eide
Batting: RHB Adam Ambrose 0-0: Called Strike
0-1: Ground out 5-3 (Groundball, 56, EV 95.0 MPH)
Bottom of the 10th over - 1 run, 2 hits, 0 errors, 2 left on base; Philadelphia (Rk+) 9 - Great Falls 5
Wednesday, May 15th , 2024 - OOTP Baseball 24.11 Build 85